 Dungeon Crawl Stone Soup version 0.28-a0-1616-g050a50673c (webtiles) character file.

Game seed: 9104581799308948905

315 Tocho the Firebug (level 6, -7/59 HPs)
             Began as an Ogre Fire Elementalist on Jan 23, 2022.
             Mangled by a gnoll (10 damage)
             ... on level 4 of the Dungeon.
             The game lasted 00:07:33 (5713 turns).

Tocho the Firebug (Ogre Fire Elementalist)          Turns: 5713, Time: 00:07:34

Health: -7/59      AC:  3    Str: 13    XL:     6   Next: 44%
Magic:  7/10       EV: 10    Int: 24    God:
Gold:   96         SH:  0    Dex:  9    Spells: 10/11 levels left

rFire   . . .      SeeInvis .   l - +2 mace (holy)
rCold   . . .      Faith    .   (no shield)
rNeg    . . .      Spirit   .   m - +0 animal skin
rPois   .          Reflect  .   (helmet restricted)
rElec   .          Harm     .   (no cloak)
rCorr   .          Rampage  .   (gloves unavailable)
Will    .....                   (boots unavailable)
Stlth   ++........              (no amulet)
HPRegen 0.19/turn               n - +6 ring of intelligence
MPRegen 0.12/turn               (no ring)

@: no status effects
A: large, unfitting armour, tough skin 1
a: no special abilities


You were on level 4 of the Dungeon.
You visited 1 branch of the dungeon, and saw 4 of its levels.

You collected 96 gold pieces.

Inventory:

Hand Weapons
 b - a +0 dagger
 d - a +0 short sword
 h - a +0 club
 i - a +0 short sword of draining
 l - a +2 mace of holy wrath (weapon)
Armour
 a - a +0 robe
 f - a +0 helmet
 m - a +0 animal skin (worn)
Jewellery
 j - a ring of ice
 n - a +6 ring of intelligence (left hand)
 t - an amulet of faith
Scrolls
 c - a scroll of teleportation {unknown}
 g - a scroll of noise {unknown}
 k - a scroll of enchant armour {unknown}
 s - a scroll of immolation {unknown}
 v - a scroll of identify {unknown}
Potions
 e - a potion of haste {unknown}
 o - 2 potions of lignification {unknown}
 p - a potion of attraction {unknown}
 q - a potion of mutation {unknown}
 r - a potion of curing {unknown}
 u - a potion of invisibility {unknown}


   Skills:
 + Level 2.7 Fighting
 + Level 0.9 Short Blades
 + Level 2.5 Maces & Flails
 + Level 2.8 Dodging
 + Level 2.1 Stealth
 + Level 3.2 Spellcasting
 + Level 1.4 Conjurations
 + Level 3.4 Fire Magic


You had 10 spell levels left.
You knew the following spells:

 Your Spells              Type           Power      Damage    Failure   Level
a - Foxfire               Conj/Fire      60%        2x1d7     3%          1

Your spell library contained the following spells:

 Spells                   Type           Power      Damage    Failure   Level
 Scorch                   Fire           40%        2d7       3%          2
 Animate Skeleton         Necr           6%         N/A       11%         1
 Beastly Appendage        Tmut           6%         N/A       11%         1
 Pain                     Necr           12%        1d4       11%         1
 Conjure Flame            Conj/Fire      15%        6-21      12%         3
 Wereblood                Tmut           3%         N/A       16%         2
 Inner Flame              Hex/Fire       12%        N/A       16%         3
 Spider Form              Tmut/Pois      3%         N/A       32%         3
 Vampiric Draining        Necr           3%         2d6       32%         3
 Flame Wave               Conj/Fire      15%        2d6       36%         4


Dungeon Overview and Level Annotations

Branches:
Dungeon (4/15)
 Temple: D:4-7

Altars:
Fedhas
Qazlal


Innate Abilities, Weirdness & Mutations

You are too large for most types of armour.
You have tough skin. (AC +1)


Message History

Press: ? - help, Q - select action Dir - look around, f - activate You conjure some foxfire!
The gnoll shaman hits you with a +0 whip!
* * * LOW HITPOINT WARNING * * *
The foxfire hits the gnoll shaman.
The gnoll shaman is severely wounded.
The foxfire hits the gnoll shaman but does no damage.
The gnoll shaman is severely wounded.
A gnoll comes into view. It is wielding a +0 spear.
The gnoll shaman barely misses you.
Casting: Foxfire (safe; 4% risk of failure)
Press: ? - help, Q - select action Dir - look around, f - activate You conjure some foxfire!
The gnoll hits you from afar with a +0 spear.
* * * LOW HITPOINT WARNING * * *
The gnoll shaman mumbles some strange prayers to its god.
The gnoll shaman is healed somewhat.
You hear a shout!
The foxfire hits the gnoll shaman.
The gnoll shaman is severely wounded.
The foxfire hits the gnoll shaman.
The gnoll shaman is almost dead.
The gnoll hits you from afar with a +0 spear.
* * * LOW HITPOINT WARNING * * *
The gnoll shaman closely misses you.
A gnoll comes into view. It is wielding a +0 spear.
Casting: Foxfire (safe; 4% risk of failure)
Press: ? - help, Q - select action Dir - look around, f - activate You conjure some foxfire!
The gnoll shaman hits you with a +0 whip!
* * * LOW HITPOINT WARNING * * *
Your foxfire dissipates!
The foxfire hits the gnoll shaman.
You kill the gnoll shaman!
Unknown command.
A gnoll comes into view. It is wielding a +0 spear.
The gnoll shouts!
You hear the quick rusting of a drain nearby.
The gnoll hits you from afar with a +0 spear!
You die...

#. #...# . #.##### #.#.#
# #.....###.#.# #
########.....##....#.###
....<....[...##....#....
##†#####........g...#
........####.##gg...##
........# #.##......#
........# #.##.@..#.#
........# #.##....#..#
........# #.##....# .#
........# #.##....# .
#......#####.##....# .#
####......##.#########.#
#.##......##.# #......#.
..........##.# #........
#.#.......##.####.....#..


You could see 3 gnolls.

Vanquished Creatures
  A howler monkey (D:4)
  A gnoll shaman (D:4)
  Terence (D:2)
  Natasha (thrice) (D:2)
  Robin (D:2)
  4 adders
  2 worms
  3 dart slugs
  3 orcs (D:3)
  7 endoplasms
  2 giant cockroaches
  10 goblins
  12 hobgoblins
  4 jackals (D:2)
  8 kobolds
  4 quokkas
  6 ball pythons
  10 bats
  3 frilled lizards
  4 rats
89 creatures vanquished.

Vanquished Creatures (others)
  111 foxfires
  3 fungi (D:3)
  A plant (D:3)
115 creatures vanquished.

Grand Total: 204 creatures vanquished

Notes
Turn   | Place    | Note
-------+----------+-------------------------------------------
     0 | D:1      | Tocho the Ogre Fire Elementalist began the quest for the
                  | Orb.
     0 | D:1      | Reached XP level 1. HP: 16/16 MP: 3/3
   272 | D:1      | Reached XP level 2. HP: 15/24 MP: 5/5
   307 | D:1      | HP: 1/24 [hobgoblin (2)]
  1605 | D:1      | Reached XP level 3. HP: 32/32 MP: 6/6
  2215 | D:2      | Reached skill level 1 in Fighting
  2857 | D:2      | Noticed Robin
  2859 | D:2      | Reached skill level 1 in Conjurations
  2859 | D:2      | Reached XP level 4. HP: 34/41 MP: 3/8
  2936 | D:2      | Killed Robin
  3086 | D:2      | Noticed Terence
  3093 | D:2      | Killed Terence
  3132 | D:2      | Reached skill level 1 in Maces & Flails
  3308 | D:2      | Reached XP level 5. HP: 41/49 MP: 9/9
  3635 | D:2      | Noticed Natasha
  3645 | D:2      | Killed Natasha
  3860 | D:2      | Noticed Natasha
  3869 | D:2      | Killed Natasha
  4003 | D:2      | Noticed Natasha
  4013 | D:2      | Killed Natasha
  4567 | D:3      | Found a blossoming altar of Fedhas.
  4569 | D:3      | Found a stormy altar of Qazlal.
  4613 | D:3      | Reached XP level 6. HP: 57/59 MP: 10/10
  4689 | D:3      | Found a faded altar of an unknown god.
  5705 | D:4      | HP: 1/59 [gnoll shaman (9)]
  5713 | D:4      | Mangled by a gnoll

Illustrated notes

Levels and vault maps discovered:
D:1:      mrwooster_arrival_statue_2, layout_loops_corners
D:2:      layout_basic, st_stairs_2, uniq_terence, uniq_robin, uniq_natasha
D:3:      layout_loops_corners, grunt_temple_overflow_forces_of_nature,
          shapermc_ecumenical_altar_totnotflames
D:4:      layout_basic, gup_sewer_entry_bowl, chequers_serial_rivers_marsh,
          uniq_sigmund

Skill      XL: |  1  2  3  4  5  6 |
---------------+-------------------+-----
Fire Magic     | 3 |  3.4
Dodging        | 2 |  2.8
Fighting       | 1 2 |  2.7
Conjurations   | 1 |  1.4
Maces & Flails | 1 2 |  2.5
Spellcasting   | 3 |  3.2
Stealth        | 2 |  2.1
Short Blades   | |  0.9

Action                   |  1- 3 |  4- 6 || total
-------------------------+-------+-------++-------
Melee: Dagger            |    44 |       ||    44
       Punch             |     1 |     1 ||     2
       Short sword       |    51 |       ||    51
       Club              |    73 |       ||    73
       Mace              |       |   118 ||   118
 Cast: Foxfire           |    33 |    33 ||    66
 Stab: Sleeping          |       |     2 ||     2
Armor: Robe              |    80 |       ||    80
       Animal skin       |       |    39 ||    39
Dodge: Dodged            |   106 |    82 ||   188

Table legend: (Time is in decaauts)
 A = Elapsed time spent in this place.
 B = Non-inter-level travel time spent in this place.
 C = Inter-level travel time spent in this place.
 D = Time resting spent in this place.
 E = Time spent auto-exploring this place.
 F = Levels seen in this place.
 G = Mean time per level.
                   A        B        C        D        E       F      G
               +--------+--------+--------+--------+--------+-----+--------+
         Total |   5808 |   5117 |    691 |    756 |   3432 |   4 | 1452.0 |
       Dungeon |   5808 |   5117 |    691 |    756 |   3432 |   4 | 1452.0 |
               +--------+--------+--------+--------+--------+-----+--------+

Top non-repeatable levels by time:
     D:1: 2508 daAuts
     D:2: 1731 daAuts
     D:3: 1112 daAuts
     D:4: 456 daAuts
